 Dungeon Crawl Stone Soup version 0.28.0-47-ge53b351184 (webtiles) character file.

Game seed: 362680969100639351

93 101zpm the Magician (level 4, 0/31 HPs)
             Began as a Djinni Fire Elementalist on May 9, 2022.
             Slain by an acid dragon (2 damage)
             ... on level 5 of the Dungeon.
             The game lasted 00:04:50 (1670 turns).

101zpm the Magician (Djinni Fire Elementalist)      Turns: 1670, Time: 00:04:50

Health: 0/31       AC: -2    Str:  7    XL:     4   Next: 92%
Gold:   0          EV: 12    Int: 18    God:
                   SH:  0    Dex: 14

rFire   + + .      SeeInvis .   e - +1 flail (holy)
rCold   x . .      Faith    .   (no shield)
rNeg    . . .      Spirit   .   a - +0 robe
rPois   ∞          Reflect  .   (no helmet)
rElec   .          Harm     .   (no cloak)
rCorr   .          Rampage  .   (no gloves)
Will    .....                   (boots unavailable)
Stlth   ++........              (no amulet)
HPRegen 0.10/turn               (no ring)
MPRegen 0.00/turn               (no ring)

@: corroded, flying
A: sickness immunity, fire resistance 2, cold vulnerability 1, float, innate
caster, HP casting, extra vitality 1
a: no special abilities


You were on level 5 of the Dungeon.
You visited 1 branch of the dungeon, and saw 5 of its levels.

Inventory:

Hand Weapons
 e - a +1 flail of holy wrath (weapon)
Missiles
 d - 2 throwing nets
Armour
 a - a +0 robe (worn)
Scrolls
 b - a scroll of blinking {unknown}
 g - a scroll of identify {unknown}
Potions
 c - a potion of attraction {unknown}
 f - a potion of curing {unknown}


   Skills:
 + Level 2.5 Dodging
 + Level 2.0 Stealth
 + Level 3.8 Spellcasting


You couldn't memorise any spells.
You knew the following spells:

 Your Spells              Type           Power      Damage    Failure   Level
a - Foxfire               Conj/Fire      68%        2x1d7     3%          1
b - Scorch                Fire           34%        2d7       4%          2
c - Conjure Flame         Conj/Fire      17%        6-21      10%         3
d - Inner Flame           Hex/Fire       17%        N/A       10%         3
e - Flame Wave            Conj/Fire      17%        2d6       30%         4
f - Shock                 Conj/Air       68%        1d7       3%          1
Your spell library was empty.

Dungeon Overview and Level Annotations

Branches:
Dungeon (5/15)
 Temple: D:4-7

Altars:

Shops:
D:2 =


Innate Abilities, Weirdness & Mutations

You are immune to sickness and miasma.
You are immune to poison.
Your flesh is very heat resistant. (rF++)
You are vulnerable to cold. (rC-)
You float through the air rather than walking.
You learn spells naturally, not from books.
Your magical power is your life essence.
You have superior vitality. (+4 MHP)


Message History

A ball python comes into view.
Found a stone staircase leading down.
You conjure some foxfire!
Casting: Foxfire (safe; 3% risk of failure)
Confirm with . or Enter, or press ? or * to list all spells.
The spell is quite dangerous to miscast (10% risk of failure)!
Continue anyway?
Okay, then.
Casting: Inner Flame (quite dangerous; 10% risk of failure)
Confirm with . or Enter, or press ? or * to list all spells.
Flames lash the ball python.
You kill the ball python!
Your foxfire dissipates!
There is a stone staircase leading down here.
You start resting.
HP restored.
You fly downwards.
You hear the sound of rushing water.
There is an entrance to a sewer on this level.
Hurry and find it before the portal rusts away!
The acid dragon roars!
Found a stone staircase leading up and a stone staircase leading down.
There is a stone staircase leading up here.
Casting: Scorch (safe; 4% risk of failure)
Confirm with . or Enter, or press ? or * to list all spells.
Flames lash the acid dragon.
The acid dragon is moderately wounded.
The acid dragon's fire resistance burns away.
The acid dragon bites you! The acid dragon claws you.
Casting: Scorch (safe; 4% risk of failure)
Confirm with . or Enter, or press ? or * to list all spells.
Flames lash the acid dragon.
The acid dragon is burned terribly!
The acid dragon is heavily wounded.
The acid dragon spits acid at you. The splash of acid hits you!
* * * LOW HITPOINT WARNING * * *
The acid corrodes you!
Casting: Scorch (safe; 4% risk of failure)
Confirm with . or Enter, or press ? or * to list all spells.
You don't have enough health to cast this spell.
The acid dragon completely misses you. The acid dragon claws you.
You die...

#### ... ..
##.###.#######
.............#
#.@# #<.....D#
#.......#
#..#.##.#
#.>.. O.# #...
..# ### ###


You could see an acid dragon (catching breath, combustible) and an ogre.

Vanquished Creatures
  Robin (D:3)
  4 gnolls (D:3)
  An adder (D:3)
  A dart slug (D:3)
  3 orcs (D:3)
  A ball python (D:4)
  A giant cockroach (D:3)
  3 hobgoblins (D:3)
  A bat (D:3)
  11 goblins
  A kobold (D:3)
  3 rats
31 creatures vanquished.

Vanquished Creatures (others)
  86 foxfires
86 creatures vanquished.

Grand Total: 117 creatures vanquished

Notes
Turn   | Place    | Note
-------+----------+-------------------------------------------
     0 | D:1      | 101zpm the Djinni Fire Elementalist began the quest for the
                  | Orb.
     0 | D:1      | Reached XP level 1. HP: 15/15 MP: 0/0
     2 | D:2      | Found Fiuntal's Jewellery Shoppe.
   172 | D:3      | Reached XP level 2. HP: 10/21 MP: 0/0
   359 | D:3      | Reached skill level 3 in Spellcasting
   370 | D:3      | Reached XP level 3. HP: 18/25 MP: 0/0
   370 | D:3      | Learned a level 1 spell: Shock
   539 | D:3      | Reached XP level 4. HP: 23/31 MP: 0/0
   812 | D:3      | Noticed Robin
   858 | D:3      | Killed Robin
  1667 | D:5      | Entered Level 5 of the Dungeon
  1667 | D:5      | Noticed an acid dragon
  1670 | D:5      | Noticed an ogre
  1670 | D:5      | Slain by an acid dragon

Illustrated notes

Levels and vault maps discovered:
D:1:      dpeg_arrival_line_fractal, layout_basic, chequers_serial_rivers_marsh
D:2:      layout_loops_ring, hellmonk_ecumenical_altar_heavens_door,
          serial_shops, shop_statue, shop, shop, hangedman_glass_teeth,
          uniq_terence, uniq_jessica
D:3:      layout_basic, kennysheep_generic_room_15, uniq_robin
D:4:      layout_basic, lemuel_coloured_pillars_altar, uniq_grinder,
          uniq_sigmund, uniq_edmund
D:5:      layout_loops_cross, elyvilon_altar_3, minmay_temple_entry_wispy,
          cheibrodos_sewer_entry_bend, uniq_blork_the_orc

Skill      XL: |  1  2  3  4 |
---------------+-------------+-----
Spellcasting   | 3 |  3.8
Stealth        | 2 |  2.0
Dodging        | |  2.5

Action                   |  1- 3 |  4- 6 || total
-------------------------+-------+-------++-------
 Cast: Foxfire           |    19 |    41 ||    60
       Scorch            |     5 |    10 ||    15
       Shock             |     7 |     9 ||    16
       Inner Flame       |       |     3 ||     3
Armor: Robe              |       |     1 ||     1
Dodge: Dodged            |       |     2 ||     2
